 Dungeon Crawl Stone Soup version 0.25-a0-565-g8875c97ebb (console) character file.

Game seed: 1974159685621392198, levelgen mode: classic

3156 Duffy the Thaumaturge (level 9, -2/54 HPs)
             Began as a Deep Elf Earth Elementalist on Feb 26, 2020.
             Was a Follower of Sif Muna.
             Shot with an arrow by a centaur warrior (17 damage)
             ... on level 8 of the Dungeon.
             The game lasted 00:11:35 (8685 turns).

Duffy the Thaumaturge (Deep Elf Earth Elementalist) Turns: 8685, Time: 00:11:35

Health: -2/54      AC:  4    Str:  5    XL:     9   Next: 62%
Magic:  23/23      EV: 16    Int: 24    God:    Sif Muna [*.....]
Gold:   515        SH:  0    Dex: 15    Spells: 9/25 levels left

rFire    . . .     SeeInvis .   q - 9 rations
rCold    . . .     Gourm    .   (no shield)
rNeg     . . .     Faith    .   c - +0 robe
rPois    .         Spirit   .   (no helmet)
rElec    .         Reflect  .   r - +0 cloak
rCorr    .         Harm     .   k - +0 pair of gloves
MR       .....                  (no boots)
Stlth    ++........             w - amulet of regeneration
HPRegen  0.58/turn              (no ring)
MPRegen  0.18/turn              (no ring)

@: no status effects
A: no striking features
a: Channel Magic, Renounce Religion


You were on level 8 of the Dungeon.
You worshipped Sif Muna.
Sif Muna was aware of your devotion.
You were hungry.

You visited 2 branches of the dungeon, and saw 9 of its levels.

You collected 515 gold pieces.

Inventory:

Hand Weapons
 p - the +10 zealot's sword {holy, *Rage rN+ EV+3, !a}
   (You found it on level 4 of the Dungeon)

   It has been blessed by the Shining One to cause great damage to the undead
   and demons.
   It affects your evasion (+3).
   It protects you from negative energy.
   It may make you go berserk in combat.
Missiles
 b - 155 stones (quivered)
 l - 3 throwing nets
Armour
 c - a +0 robe (worn)
 k - a +0 pair of gloves (worn)
 r - a +0 cloak (worn)
Jewellery
 w - an amulet of regeneration (around neck)
 y - an uncursed amulet of the gourmand
Scrolls
 a - 2 scrolls of blinking {unknown}
 d - a scroll of random uselessness {unknown}
 e - 2 scrolls of teleportation
 g - 8 scrolls of remove curse
 j - 2 scrolls of fear
 n - a scroll of magic mapping {unknown}
 o - a scroll of immolation {unknown}
 u - a scroll of enchant armour {unknown}
Potions
 f - a potion of lignification
 i - 2 potions of haste {unknown}
 m - a potion of berserk rage {unknown}
 t - a potion of magic
 v - 3 potions of curing
 x - a potion of might {unknown}
 z - a potion of degeneration {unknown}
Miscellaneous
 s - a sack of spiders
Comestibles
 q - 9 rations (in hand)


   Skills:
 - Level 5.1 Fighting
 - Level 6.0 Dodging
 - Level 2.4 Stealth
 + Level 8.9 Spellcasting
 - Level 5.0 Conjurations
   Level 1.1 Transmutations
 + Level 7.7 Earth Magic
 + Level 4.3 Invocations


You had 9 spell levels left.
You knew the following spells:

 Your Spells              Type           Power        Failure   Level  Hunger
h - Sandblast             Erth           #####.       1%          1    None
j - Stone Arrow           Conj/Erth      #####.       1%          3    None
k - Borgnjor's Vile Clut  Necr/Erth      ####......   32%         5    ####...
l - Lee's Rapid Deconstr  Erth           #####.....   7%          5    ####...
B - Blink                 Tloc           N/A          9%          2    None

Your spell library contained the following spells:

 Spells                   Type           Power        Failure   Level  Hunger
 Magic Dart               Conj           ####         1%          1    None
 Passwall                 Tmut/Erth      ####....     1%          2    None
 Shock                    Conj/Air       ###.         2%          1    None
 Animate Skeleton         Necr           N/A          6%          1    None
 Apportation              Tloc           ##....       6%          1    None
 Corona                   Hex            ##.....      6%          1    None
 Pain                     Necr           ##..         6%          1    None
 Summon Small Mammal      Summ           ##..         6%          1    None
 Conjure Flame            Conj/Fire      ###.....     6%          3    None
 Static Discharge         Conj/Air       ###.....     6%          3    None
 Call Imp                 Summ           ##......     9%          2    None
 Ensorcelled Hibernation  Hex/Ice        ##....       9%          2    None
 Slow                     Hex            ##......     9%          2    None
 Swiftness                Chrm/Air       ##......     9%          2    None
 Mephitic Cloud           Conj/Pois/Air  ###.....     9%          3    None
 Petrify                  Tmut/Erth      ####....     10%         4    ##.....
 Vampiric Draining        Necr           ##........   19%         3    None
 Airstrike                Air            ##........   52%         4    ##.....
 Animate Dead             Necr           N/A          52%         4    ##.....
 Lightning Bolt           Conj/Air       ###.......   52%         5    ####...
 Agony                    Necr           ##......     86%         5    ####...
 Silence                  Hex/Air        ##........   86%         5    ####...
 Darkness                 Hex            ##........   100%        6    ######.
 Shadow Creatures         Summ           N/A          100%        6    ######.


Dungeon Overview and Level Annotations

Branches:
Dungeon (8/15)             Temple (1/1) D:6
   Lair: D:8-11

Altars:
Ashenzari
Cheibriados
Dithmenos
Elyvilon
Fedhas
Gozag
Hepliaklqana
Kikubaaqudgha
Makhleb
Nemelex Xobeh
Okawaru
Qazlal
Ru
Sif Muna
Trog
Uskayaw
Vehumet
Wu Jian
Xom
Yredelemnul
Zin
The Shining One

Shops:
D:7 }

Annotations:
D:4 4 runed translucent doors, exclusion: orc warrior


Message History

Found a chain mail.
g - 8 scrolls of remove curse (gained 2)
You are feeling hungry.
Found 7 poisoned darts.
Found a stone staircase leading up.
Found 6 datura-tipped darts.
You see here 6 datura-tipped darts.
Found an escape hatch in the floor.
Found a stone staircase leading up.
A centaur warrior comes into view.
The centaur warrior shouts!
The orc warrior shouts!
Found a runed rapier.
The centaur warrior wields a +0 shortbow.
The centaur warrior shoots an arrow.
The arrow hits you!!
You see here an arrow.
The centaur warrior shoots an arrow.
The arrow hits you!
There is a stone staircase leading up, spattered with blood here.
You see here an arrow.
The centaur warrior shoots an arrow.
The arrow hits you!
You die...

##########
#####...>....##
#.............#
##...........#####
#..########......####...
##(## ####..(.@.......
#..# #.....##........
#.#### #.###.....##....
.....# .. #.....## #..
.###.##.# #c.....# . ##
................. #
####8........... #
oZc+...........#
.Z#8...........


You could see a centaur warrior.

Vanquished Creatures
  Sigmund (D:4)
  2 hungry ghosts (D:7)
  2 ice beasts
  A phantom (D:4)
  4 centaurs
  3 ogres
  2 big kobolds (D:8)
  4 scorpions
  3 wights (D:6)
  A wyvern skeleton (D:7)
  3 killer bees (D:7)
  4 howler monkeys
  2 crimson imps (D:6)
  2 hounds
  An orc priest (Temple)
  A bullfrog skeleton (D:7)
  3 centaur skeletons
  2 iguanas (D:4)
  7 orc wizards
  4 worker ants
  12 gnolls
  14 adders
  3 shadow imps
  An ooze (D:3)
  An adder zombie (D:4)
  5 worms
  4 dart slugs
  5 orcs
  3 ball pythons
  2 bats
  8 giant cockroaches
  8 goblins
  6 hobgoblins
  8 jackals
  2 quokkas
  4 frilled lizards
  15 kobolds
  A leopard gecko skeleton (D:4)
  2 quokka skeletons
  A quokka zombie (D:5)
  7 rats
164 creatures vanquished.

Vanquished Creatures (collateral kills)
  Edmund (D:6)
1 creature vanquished.

Grand Total: 165 creatures vanquished

Notes
Turn   | Place    | Note
-------+----------+-------------------------------------------
     0 | D:1      | Duffy the Deep Elf Earth Elementalist began the quest for
                  | the Orb.
     0 | D:1      | Reached XP level 1. HP: 10/10 MP: 6/6
   125 | D:1      | Reached XP level 2. HP: 7/15 MP: 1/8
  1139 | D:2      | Reached skill level 4 in Spellcasting
  1195 | D:2      | Reached XP level 3. HP: 19/19 MP: 8/10
  1200 | D:2      | Learned a level 3 spell: Stone Arrow
  1291 | D:2      | Reached skill level 1 in Conjurations
  1676 | D:1      | Reached XP level 4. HP: 14/24 MP: 7/12
  2490 | D:2      | Found a faded altar of an unknown god.
  3208 | D:3      | Reached XP level 5. HP: 28/28 MP: 9/13
  3338 | D:3      | Learned a level 5 spell: Lee's Rapid Deconstruction
  3716 | D:4      | Noticed Sigmund
  3722 | D:4      | Killed Sigmund
  3722 | D:4      | Reached skill level 5 in Spellcasting
  3722 | D:4      | Reached skill level 5 in Earth Magic
  3722 | D:4      | Reached XP level 6. HP: 14/32 MP: 9/16
  4012 | D:4      | Found a large runed translucent door.
  4012 | D:4      | Found a large runed translucent door.
  4023 | D:4      | Reached skill level 6 in Spellcasting
  4129 | D:4      | Noticed an orc warrior
  4129 | D:4      | Noticed a vampire mosquito
  4168 | D:4      | Found a large runed translucent door.
  4168 | D:4      | Found a large runed translucent door.
  4191 | D:4      | Reached XP level 7. HP: 32/36 MP: 15/18
  4242 | D:4      | Learned a level 5 spell: Borgnjor's Vile Clutch
  4358 | D:4      | Found the +10 zealot's sword {holy, *Rage rN+ EV+3}
  4536 | D:4      | Reached skill level 5 in Conjurations
  4922 | D:5      | Entered Level 5 of the Dungeon
  5064 | D:5      | Reached skill level 1 in Fighting
  5433 | D:5      | Reached XP level 8. HP: 44/44 MP: 16/20
  5865 | D:5      | Reached skill level 5 in Dodging
  5955 | D:6      | Found a staircase to the Ecumenical Temple.
  5968 | Temple   | Entered the Ecumenical Temple
  6237 | Temple   | Became a worshipper of Sif Muna the Loreminder
  6430 | D:6      | Learned a level 2 spell: Blink
  6675 | D:6      | Noticed Edmund
  6686 | D:6      | Killed Edmund
  6743 | D:6      | You fall into a shaft and drop 2 floors!
  6763 | D:8      | Reached skill level 5 in Fighting
  6891 | D:7      | Reached skill level 7 in Spellcasting
  6896 | D:7      | Reached * piety under Sif Muna
  6896 | D:7      | Reached skill level 1 in Invocations
  6896 | D:7      | Reached XP level 9. HP: 54/54 MP: 15/21
  7601 | D:7      | Reached skill level 8 in Spellcasting
  7969 | D:7      | Found Vikhlu's Gadget Shop.
  8072 | D:7      | Found a bloodstained altar of Trog.
  8678 | D:8      | Noticed a centaur warrior
  8685 | D:8      | Shot with an arrow by a centaur warrior

Levels and vault maps discovered:
D:1:      dpeg_arrival_pits, layout_basic
D:2:      layout_rooms, chequers_ecumenical_altar_grove
D:3:      layout_loops_corners, first_ration
D:4:      layout_cave_pods, hangedman_decor_lopped, minmay_fountain_box,
          minmay_hollow_rounded_squares, uniq_sigmund
D:5:      layout_loops_cross
D:6:      layout_gridville, minmay_temple_entry_junction,
          minmay_misc_feat_secret_circle, minivault_25, uniq_edmund
D:7:      layout_gridville, kennysheep_little_box, serial_shops,
          nicolae_shop_trees, small_statue_intersection
D:8:      layout_cave_pods, hangedman_little_slice_of_home,
          jmf_multi_god_temple2
Temple:   nicolae_temple_the_god_donut

Skill      XL: |  1  2  3  4  5  6  7  8  9 |
---------------+----------------------------+-----
Spellcasting   | 4 5 6 7 8 |  8.9
Earth Magic    | 4 5 6 7 |  7.7
Conjurations   | 2 3 4 5 |  5.0
Fighting       | 2 5 |  5.1
Dodging        | 4 6 |  6.0
Invocations    | 1 4 |  4.3
Stealth        | |  2.4
Transmutations | |  1.1

Action                   |  1- 3 |  4- 6 |  7- 9 || total
-------------------------+-------+-------+-------++-------
Melee: Eudemon blade     |       |       |     2 ||     2
 Cast: Sandblast         |    53 |    60 |   159 ||   272
       Stone Arrow       |     1 |    13 |    12 ||    26
Evoke: Sack of spiders   |       |       |     2 ||     2
  Use: Scroll            |     1 |       |     7 ||     8
  Eat: Chunk             |     2 |     5 |    10 ||    17
       Ration            |       |     2 |       ||     2
Armor: Robe              |     7 |     3 |    16 ||    26
Dodge: Dodged            |    18 |    16 |    83 ||   117
       Rpst.: Eudemon blade |       |       |    13 ||    13

Table legend:
 A = Non-vault XP
 B = Vault XP
 C = Vault XP percentage of total XP
 D = Non-vault monster count
 E = Vault monster count
 F = Vault count percentage of total count
                 A         B        C        D         E       F
            +---------+---------+-------+---------+---------+-------
      Total |    3904 |     605 |  13.4 |     155 |      10 |   6.1
            +---------+---------+-------+---------+---------+-------
        D:1 |      42 |       0 |   0.0 |      17 |       0 |   0.0
        D:2 |      81 |       0 |   0.0 |      28 |       0 |   0.0
        D:3 |     118 |       0 |   0.0 |      22 |       0 |   0.0
        D:4 |     364 |     455 |  55.6 |      18 |       9 |  33.3
        D:5 |     564 |       0 |   0.0 |      16 |       0 |   0.0
        D:6 |     912 |     150 |  14.1 |      15 |       1 |   6.2
        D:7 |    1376 |       0 |   0.0 |      23 |       0 |   0.0
        D:8 |     328 |       0 |   0.0 |      12 |       0 |   0.0
     Temple |     119 |       0 |   0.0 |       4 |       0 |   0.0
            +---------+---------+-------+---------+---------+-------
